 Dungeon Crawl Stone Soup version 0.27-a0-789-g6bb3289e1e (webtiles) character file.

Game seed: 7788368328015123487

266914 rjrrt the Executioner (level 19, -10/181 HPs)
             Began as a Minotaur Berserker on Mar 26, 2021.
             Was the Champion of Trog.
             Mangled by a white very ugly thing (22 damage)
             ... on level 1 of the Vaults.
             The game lasted 01:25:25 (38568 turns).

rjrrt the Executioner (Minotaur Berserker)         Turns: 38568, Time: 01:25:26

Health: -10/181    AC: 40    Str: 31    XL:     19   Next: 34%
Magic:  18/18      EV: 11    Int:  4    God:    Trog [******]
Gold:   2711       SH:  0    Dex: 13    Spells: 18/18 levels left

rFire    . . .     SeeInvis .   a - +8 executioner's axe
rCold    + . .     Faith    .   (shield currently unavailable)
rNeg     . . .     Spirit   .   s - +0 crystal plate armour
rPois    +         Reflect  .   J - +2 hat
rElec    .         Harm     .   z - +2 cloak {rPois}
rCorr    .         Rampage  +   n - +3 pair of gloves "Izumeon" {rC+ Str+4}
Will     ++++.                  x - +2 pair of boots {rampage}
Stlth    ..........             r - amulet of regeneration
HPRegen  1.00/turn              o - ring of willpower
MPRegen  0.16/turn              D - +4 ring of slaying

@: regenerating
A: horns 2, retaliatory headbutt, inhibited regeneration
}: 2/15 runes: decaying, serpentine
a: Renounce Religion, Berserk, Trog's Hand, Brothers in Arms


You were on level 1 of the Vaults.
You worshipped Trog.
Trog was exalted by your worship.
You visited 6 branches of the dungeon, and saw 32 of its levels.
You visited the Abyss 1 time.
You also visited: Bailey, Ice Cave and Volcano.

You collected 3186 gold pieces.
You spent 475 gold pieces at shops.

Inventory:

Hand Weapons
 a - a +8 executioner's axe (weapon)
 c - a +3 executioner's axe
 e - the +8 battleaxe of Punishment {vorpal, rElec Int+3}
   (Trog gifted it to you on level 1 of the Snake Pit)

   It inflicts extra damage upon your enemies.
   It affects your intelligence (+3).
   It insulates you from electricity.
 f - a +1 battleaxe of flaming
 S - a +0 vampiric glaive
Missiles
 F - 17 javelins (quivered)
Armour
 n - the +3 pair of gloves "Izumeon" (worn) {rC+ Str+4}
   (You found it on level 4 of the Lair of Beasts)

   It affects your strength (+4).
   It protects you from cold.
 s - a +0 crystal plate armour (worn)
 x - a +2 pair of boots of rampaging (worn)
 z - a +2 cloak of poison resistance (worn)
 J - a +2 hat (worn)
Jewellery
 i - a ring of protection from fire
 o - a ring of willpower (right hand)
 p - a ring of flight
 r - an amulet of regeneration (around neck)
 D - a +4 ring of slaying (left hand)
Wands
 m - a wand of iceblast (22)
 w - a wand of paralysis (41)
 y - a wand of digging (11)
 C - a wand of charming (14)
 H - a wand of acid (9)
 L - a wand of flame (16)
 M - a wand of mindburst (14)
 N - a wand of random effects (40)
Scrolls
 d - a scroll of holy word
 h - 19 scrolls of teleportation
 j - 26 scrolls of identify
 l - 7 scrolls of fog
 u - 4 scrolls of fear
 v - 2 scrolls of summoning
 E - 2 scrolls of silence
 K - 4 scrolls of blinking
 P - a scroll of enchant armour
 R - 2 scrolls of magic mapping
Potions
 b - 3 potions of attraction
 g - a potion of heal wounds
 k - a potion of resistance
 q - 4 potions of might
 B - a potion of haste
 G - 4 potions of flight
 I - 10 potions of curing
 O - 10 potions of lignification
Miscellaneous
 t - a phantom mirror
 A - a condenser vane
 Q - a box of beasts


   Skills:
 + Level 18.8 Fighting
 + Level 25.2 Axes
 + Level 18.7 Armour
 - Level 10.0 Dodging
 - Level 10.0 Evocations


You had 18 spell levels left.
You didn't know any spells.
Your spell library was empty.

Dungeon Overview and Level Annotations

Branches:
Dungeon (15/15)            Temple (0/1) D:4            Lair (6/6) D:10
  Swamp (4/4) Lair:3        Snake (4/4) Lair:3        Slime (0/5) Lair:6
    Orc (2/2) D:11            Elf (0/3) Orc:2        Vaults (1/5) D:14
 Depths (0/5) D:15         Bailey (visited)           IceCv (visited)
Volcano (visited)

Altars:
Dithmenos
Elyvilon
Gozag
Hepliaklqana
Kikubaaqudgha
Makhleb
Okawaru
Qazlal
Uskayaw
Vehumet
Xom
Yredelemnul
Zin
The Shining One
Beogh

Shops:
D:3 (   D:5 *   D:12 (   Orc:2 ([!::   Snake:2 [   Snake:3 =::   Snake:4 !


Innate Abilities, Weirdness & Mutations

You have a pair of horns on your head.
You reflexively headbutt those who attack you in melee.
You do not regenerate when monsters are visible.


Message History

Trog appreciates your killing of a magic user.
Unknown command.
Your crystal plate armour prevents you from hitting the white very ugly thing.
You headbutt the white very ugly thing!
The white very ugly thing is moderately wounded.
Unknown command.
You closely miss the white very ugly thing.
Your headbutt misses the white very ugly thing.
The white very ugly thing is moderately wounded.
Unknown command.
Unknown command.
Your skin crawls.
You feel strong-willed.
The white very ugly thing trunk-slaps you but does no damage.
The white ugly thing punches you but does no damage.
Unknown command.
You slice the white very ugly thing!!
The white very ugly thing is severely wounded.
You slash the white ugly thing!
The wizard points at itself and mumbles some strange words.
The wizard flickers and vanishes!
Deactivating autopickup; reactivate with Ctrl-A.
The white very ugly thing trunk-slaps you!!
The white very ugly thing freezes you!! You resist.
* * * LOW HITPOINT WARNING * * *
Your cyclops goes berserk!
The white ugly thing basks in the mutagenic energy from its kin and changes!
The white very ugly thing trunk-slaps you.
* * * LOW HITPOINT WARNING * * *
The white very ugly thing freezes you!! You resist.
* * * LOW HITPOINT WARNING * * *
Unknown command.
You closely miss the white very ugly thing.
The white very ugly thing is severely wounded.
You hit the white very ugly thing.
The white very ugly thing basks in the mutagenic energy from its kin and changes!
The white very ugly thing trunk-slaps you.
* * * LOW HITPOINT WARNING * * *
The white very ugly thing freezes you!! You resist.
You die...

#############
#...........#
#.##..∩..##.#
########..##...##..#
#.....u#...##.##...#
#.....uuuC..###....#
#.....u#@..##.##...#
#.....u#..##...##..#
#......#.##.....##(#
#......#...).......#
#....uu#############
#.....p# #......#
#......# #......#


You could see 2 very ugly things, 2 ugly things and a friendly cyclops
(summoned, berserk).

Vanquished Creatures
  Vashnia (Snake:3)
  Nikola (Swamp:1)
  A tentacled monstrosity (Swamp:4)
  An Ice Fiend (IceCv)
  A tentacled starspawn (Abyss:3)
  A thorn hunter (Swamp:4)
  Agnes (D:14)
  Gastronok (Lair:2)
  Kirke (Lair:6)
  6 nagarajas (Snake:4)
  Roxanne (Snake:3)
  3 fenstrider witches (Swamp:4)
  2 frost giants
  Aizul (Swamp:1)
  5 very ugly things
  A reaper (Swamp:4)
  An ironbound preserver (D:14)
  Nessos (D:14)
  The ghost of Sennair the Protected, a journeyman FoFi of Cheibriados (D:14)
  Azrael (Snake:3)
  2 bunyips (Swamp:4)
  4 eleionomae
  A green death (Swamp:4)
  3 shambling mangroves (Swamp:4)
  17 naga warriors
  An ironbound thunderhulk (Vaults:1)
  15 hydras
  A spriggan air mage (Swamp:4)
  3 catoblepae
  5 boulder beetles
  2 ogre magi
  A ghost crab (Swamp:3)
  3 centaur warriors
  5 alligators
  8 anacondas
  A dancing weapon (Volcano)
  3 two-headed ogres
  4 tengu warriors
  19 naga sharpshooters
  A soul eater (Swamp:4)
  13 shock serpents
  2 thrashing horrors (Abyss:3)
  A spriggan berserker (Swamp:4)
  Sonja (D:13)
  A goliath frog (Swamp:4)
  2 sixfirhies (Swamp:4)
  A wretched star (Abyss:3)
  2 sea snakes (Snake:4)
  6 salamander mystics
  A spatial maelstrom (Abyss:3)
  4 naga ritualists
  8 wizards
  3 spriggan druids (Swamp:4)
  3 swamp dragons
  An ironbound convoker (Vaults:1)
  8 bog bodies
  4 lindwurms (Lair:3)
  2 deep elf pyromancers (Swamp:4)
  Pikel (D:5)
  A phantasmal warrior (Abyss:3)
  2 orc knights
  25 ugly things
  12 orc sorcerers
  9 mana vipers
  A worldbinder (Abyss:3)
  3 manticores
  6 will-o-the-wisps
  2 oklob plants (Lair:6)
  25 elephants
  4 cyclopes
  12 salamanders
  A black mamba (shapeshifter) (D:14)
  5 guardian serpents
  5 toenail golems (Volcano)
  41 black mambas
  4 ice statues (IceCv)
  40 naga magi
  2 smoke demons (Abyss:3)
  An orange demon (Swamp:4)
  12 cane toads
  A vault sentinel (Vaults:1)
  A gargoyle (D:13)
  4 rime drakes
  12 komodo dragons
  2 anaconda simulacra (IceCv)
  3 kobold demonologists (D:11)
  3 efreet (D:14)
  3 freezing wraiths (Swamp:2)
  A golden dragon simulacrum (IceCv)
  11 ice devils (IceCv)
  2 hellwings (Swamp:4)
  6 polar bears
  7 trolls
  6 meliai
  13 hornets
  5 tyrant leeches
  4 slime creatures
  A raiju (Abyss:3)
  15 blink frogs
  A meliai zombie (D:10)
  9 dream sheep
  2 wraiths
  21 spriggans
  An ice dragon skeleton (Abyss:3)
  2 ynoxinuls (Abyss:3)
  3 shadows
  10 wyverns
  3 fire bats (Abyss:3)
  3 fire elementals (Snake:3)
  60 yaks
  4 basilisks
  3 dire elephant simulacra (IceCv)
  A steam dragon (D:6)
  2 chaos spawn
  3 hogs (Lair:6)
  11 vampire mosquitoes
  11 swamp worms
  2 harpy simulacra (IceCv)
  4 large abominations (Abyss:3)
  69 nagas
  3 neqoxecs
  An iron troll simulacrum (IceCv)
  A hydra simulacrum (IceCv)
  An acid dragon (D:11)
  25 water moccasins
  4 hell hounds (Snake:3)
  A swamp drake (Swamp:3)
  2 ice beasts
  7 black bears
  2 sky beasts
  20 orc warriors
  9 ogres
  4 boggarts (Lair:6)
  3 necrophages
  30 wolves
  15 centaurs
  2 lemures (D:5)
  A phantom (D:5)
  4 kobold brigands
  11 bullfrogs
  6 killer bees (D:9)
  2 scorpions
  A water moccasin skeleton (D:5)
  7 wights
  9 electric eels
  3 centaur zombies
  6 howler monkeys
  2 gnoll shamans
  A hound (D:4)
  A jelly (D:6)
  6 orc priests
  Crazy Yiuf (D:5)
  Ijyb (D:5)
  A centaur skeleton (D:6)
  31 orc wizards
  3 iguanas
  Terence (D:3)
  A hell rat (D:7)
  2 killer bee zombies (D:8)
  3 centaur simulacra
  A hound skeleton (D:4)
  A howler monkey skeleton (D:7)
  10 gnolls
  14 adders
  7 river rats (D:7)
  A white imp (D:6)
  An ufetubus (D:6)
  2 worms
  57 orcs
  6 ball pythons
  6 endoplasms
  2 giant cockroaches
  8 goblins
  5 hobgoblins
  5 jackals
  23 kobolds
  9 quokkas
  3 bats
  4 frilled lizards
  25 rats
  A bush (Lair:6)
  3 plants
  A starspawn tentacle (Abyss:3)
1162 creatures vanquished.

Vanquished Creatures (collateral kills)
  Louise (D:14)
  A hydra (D:14)
  2 naga ritualists (Snake:4)
  8 oklob plants
  A salamander (Snake:4)
  A black mamba (Snake:4)
  A naga mage (Snake:4)
  A yak (Lair:2)
  An acid dragon (D:9)
  3 nagas (Snake:4)
  An orc warrior (D:9)
  An orc (D:9)
  A plant (Lair:2)
23 creatures vanquished.

Vanquished Creatures (others)
  A bloated husk (Swamp:1)
  A spriggan (Swamp:1)
  A swamp drake (Swamp:1)
  22 foxfires
  35 fungi
  222 plants
  3 starspawn tentacles (Abyss:3)
285 creatures vanquished.

Grand Total: 1470 creatures vanquished

Notes
Turn   | Place    | Note
-------+----------+-------------------------------------------
     0 | D:1      | rjrrt the Minotaur Berserker began the quest for the Orb.
     0 | D:1      | Reached XP level 1. HP: 19/19 MP: 0/0
    43 | D:1      | Reached skill level 4 in Axes
   505 | D:1      | Reached XP level 2. HP: 20/26 MP: 1/1
  1153 | D:1      | Reached skill level 5 in Axes
  1575 | D:2      | Reached XP level 3. HP: 31/31 MP: 2/2
  2356 | D:2      | Found an iron altar of Okawaru.
  2469 | D:2      | Found a faded altar of an unknown god.
  2473 | D:2      | Reached ** piety under Trog
  2601 | D:2      | Reached skill level 6 in Axes
  2601 | D:2      | Reached XP level 4. HP: 39/39 MP: 3/3
  3051 | D:2      | Noticed a black bear
  3062 | D:2      | Killed a black bear
  3063 | D:2      | Reached skill level 7 in Axes
  3063 | D:2      | Reached XP level 5. HP: 10/45 MP: 4/4
  3454 | D:3      | Found Ronyzai's Antique Weapon Emporium.
  3846 | D:3      | Noticed Terence
  3850 | D:3      | Killed Terence
  4047 | D:3      | Noticed a necrophage
  4057 | D:3      | Killed a necrophage
  4058 | D:3      | Reached skill level 8 in Axes
  4058 | D:3      | Reached XP level 6. HP: 47/51 MP: 2/5
  4133 | D:4      | Noticed a sky beast
  4145 | D:4      | Killed a sky beast
  4146 | D:4      | Reached skill level 9 in Axes
  4397 | D:4      | Found a staircase to the Ecumenical Temple.
  4450 | D:4      | Reached XP level 7. HP: 47/57 MP: 4/6
  5240 | D:5      | Entered Level 5 of the Dungeon
  5255 | D:5      | Noticed Ijyb
  5265 | D:5      | Killed Ijyb
  5266 | D:5      | Reached skill level 10 in Axes
  5386 | D:5      | Found Cekug's Assorted Antiques.
  5393 | D:5      | Bought a sedimented red potion for 25 gold pieces
  5407 | D:5      | Bought 2 scrolls labelled LIRCHU QIANA for 56 gold pieces
  5407 | D:5      | Bought a scroll labelled ISAZ SAWKUMONK for 28 gold pieces
  5697 | D:5      | Found a runed translucent door.
  5697 | D:5      | Noticed Crazy Yiuf
  5800 | D:5      | Noticed Pikel
  5808 | D:5      | Killed Crazy Yiuf
  5824 | D:5      | Killed Pikel
  5825 | D:5      | Reached skill level 12 in Axes
  5825 | D:5      | Reached XP level 8. HP: 66/66 MP: 7/7
  6038 | D:5      | Reached *** piety under Trog
  6273 | D:5      | Found a basalt altar of Yredelemnul.
  6295 | D:5      | Reached skill level 1 in Evocations
  7162 | D:6      | Reached XP level 9. HP: 58/73 MP: 8/8
  7416 | D:6      | Found a white marble altar of Elyvilon.
  7441 | D:6      | Reached skill level 5 in Fighting
  7458 | D:6      | Found a glowing silver altar of Zin.
  7459 | D:6      | Found a glowing golden altar of the Shining One.
  7536 | D:6      | Identified the +1 quarterstaff "Xuille" {drain, *Rage
                  | *Drain rElec rPois rN+++}
  8039 | D:7      | Reached skill level 13 in Axes
  8443 | D:7      | Reached **** piety under Trog
  8722 | D:7      | Reached skill level 5 in Armour
  9578 | D:3      | Bought a glowing battleaxe for 228 gold pieces
  9710 | D:8      | Reached skill level 5 in Dodging
 10028 | D:8      | Reached XP level 10. HP: 27/84 MP: 1/9
 11509 | D:9      | Noticed a white ugly thing
 11520 | D:9      | Killed a white ugly thing
 11521 | D:9      | Reached skill level 14 in Axes
 11754 | D:9      | Noticed a four-headed hydra
 11762 | D:9      | Killed a four-headed hydra
 11782 | D:9      | Noticed a centaur warrior
 11791 | D:9      | Killed a centaur warrior
 12087 | D:9      | Found a shimmering altar of Xom.
 12206 | D:9      | Found a shadowy altar of Dithmenos.
 12208 | D:9      | Found a hazy altar of Hepliaklqana.
 12209 | D:9      | Found a burning altar of Makhleb.
 12209 | D:9      | Found a stormy altar of Qazlal.
 12210 | D:9      | Found a radiant altar of Vehumet.
 12210 | D:9      | Found an opulent altar of Gozag.
 12252 | D:9      | Noticed a purple ugly thing
 12261 | D:9      | Killed a purple ugly thing
 12262 | D:9      | Reached skill level 5 in Evocations
 12372 | D:9      | Reached ***** piety under Trog
 12373 | D:9      | Reached XP level 11. HP: 89/93 MP: 10/10
 12918 | D:10     | Entered Level 10 of the Dungeon
 12918 | D:10     | Found a flagged portal.
 12923 | Bailey   | Entered a bailey
 13956 | Bailey   | Reached skill level 15 in Axes
 13977 | Bailey   | Noticed an orc knight
 13999 | Bailey   | Killed an orc knight
 14377 | D:10     | Found a staircase to the Lair.
 14525 | D:10     | Found a transporter.
 14526 | D:10     | Found a transporter.
 14527 | D:10     | Noticed a boulder beetle
 14550 | D:10     | Killed a boulder beetle
 15217 | Lair:1   | Entered Level 1 of the Lair of Beasts
 15335 | Lair:1   | Noticed a six-headed hydra
 15349 | Lair:1   | Killed a six-headed hydra
 15350 | Lair:1   | Reached skill level 16 in Axes
 15636 | Lair:1   | Reached XP level 12. HP: 89/105 MP: 8/11
 15758 | Lair:1   | Noticed a five-headed hydra
 15776 | Lair:1   | Killed a five-headed hydra
 16025 | Lair:1   | Noticed a seven-headed hydra
 16043 | Lair:1   | Killed a seven-headed hydra
 16464 | Lair:1   | Received a gift from Trog
 16671 | Lair:2   | Identified the +2 scale mail of the Insatiable Knives
                  | {Str+2}
 16684 | Lair:2   | Noticed a boulder beetle
 16697 | Lair:2   | Killed a boulder beetle
 16744 | Lair:2   | Reached skill level 10 in Fighting
 16747 | Lair:2   | Noticed Gastronok
 16783 | Lair:2   | Killed Gastronok
 16784 | Lair:2   | Reached skill level 17 in Axes
 16894 | Lair:2   | Reached skill level 10 in Armour
 17375 | Lair:2   | Noticed a catoblepas
 17406 | Lair:2   | Killed a catoblepas
 17471 | Lair:2   | Found an opulent altar of Gozag.
 17890 | Lair:2   | Noticed a boulder beetle
 17908 | Lair:2   | Killed a boulder beetle
 18526 | Lair:3   | Noticed a catoblepas
 18527 | Lair:3   | Noticed a four-headed hydra
 18546 | Lair:3   | Killed a catoblepas
 18547 | Lair:3   | Reached XP level 13. HP: 115/115 MP: 10/12
 18551 | Lair:3   | Found a staircase to the Snake Pit.
 18599 | Lair:3   | Found a dark tunnel.
 18615 | Volcano  | Entered a volcano
 18625 | Volcano  | Reached skill level 10 in Dodging
 18696 | Volcano  | Reached skill level 18 in Axes
 19310 | Lair:3   | Found a staircase to the Swamp.
 19969 | Lair:4   | Received a gift from Trog
 20159 | Lair:4   | Reached skill level 19 in Axes
 20298 | Lair:4   | Reached XP level 14. HP: 119/127 MP: 13/13
 20328 | Lair:4   | Identified the +3 pair of gloves "Izumeon" {rC+ Str+4}
 21447 | Lair:6   | Entered Level 6 of the Lair of Beasts
 21548 | Lair:6   | Reached skill level 20 in Axes
 22144 | Lair:6   | Found a staircase to the Slime Pits.
 22204 | Lair:6   | Noticed Kirke
 22207 | Lair:6   | Received a gift from Trog
 22219 | Lair:6   | Killed Kirke
 22320 | Lair:6   | Reached XP level 15. HP: 137/137 MP: 14/14
 23385 | D:11     | Reached skill level 21 in Axes
 23680 | D:11     | Found a staircase to the Orcish Mines.
 24039 | Orc:1    | Entered Level 1 of the Orcish Mines
 24253 | Orc:2    | Entered Level 2 of the Orcish Mines
 24434 | Orc:2    | Found a staircase to the Elven Halls.
 24558 | Orc:2    | Found Fomaikaq's Antique Weapon Shop.
 24721 | Orc:2    | Paralysed by an orc sorcerer for 2 turns
 24829 | Orc:2    | Paralysed by an orc sorcerer for 3 turns
 25028 | Orc:2    | Received a gift from Trog
 25055 | Orc:2    | Found Meacken's Distillery.
 25078 | Orc:2    | Bought a potion of attraction for 48 gold pieces
 25109 | Orc:2    | Found Measiyh's Antique Armour Boutique.
 25138 | Orc:2    | Found a radiant altar of Vehumet.
 25340 | Orc:2    | Found Paretoi's Book Shop.
 25584 | Orc:2    | Found an ancient bone altar of Kikubaaqudgha.
 25674 | Orc:2    | Found Akocasov's Book Shop.
 25799 | D:12     | Found a radiant altar of Vehumet.
 26123 | D:12     | Found Wizeut's Antique Weapon Emporium.
 26436 | D:13     | Found the +7 captain's cutlass {speed, disarm}
 26640 | D:13     | Noticed Sonja
 26648 | D:13     | Killed Sonja
 27263 | D:14     | Received a gift from Trog
 27335 | D:14     | Noticed Agnes
 27346 | D:14     | Killed Agnes
 27521 | D:14     | Noticed Nessos
 27535 | D:14     | Killed Nessos
 27626 | D:14     | Found a runed translucent door.
 27627 | D:14     | Noticed Sennair's ghost (journeyman FoFi)
 27642 | D:14     | Killed Sennair's ghost
 27820 | D:14     | Noticed Louise
 27822 | D:14     | Cast into level 3 of the Abyss (Louise)
 27822 | Abyss:3  | Found a sparkling altar of Nemelex Xobeh.
 27885 | Abyss:3  | Noticed a tentacled starspawn
 27904 | Abyss:3  | Killed a tentacled starspawn
 28108 | Abyss:3  | Reached skill level 15 in Fighting
 28111 | Abyss:3  | Reached skill level 22 in Axes
 28111 | Abyss:3  | Reached XP level 16. HP: 75/149 MP: 15/15
 28174 | D:14     | Escaped the Abyss
 28209 | D:14     | Killed Louise
 28346 | D:14     | Reached skill level 15 in Armour
 28348 | D:14     | Found a gate to the Vaults.
 28524 | D:15     | Entered Level 15 of the Dungeon
 28928 | D:15     | Found a staircase to the Depths.
 29030 | D:15     | Received a gift from Trog
 29562 | Swamp:1  | Entered Level 1 of the Swamp
 29695 | Swamp:1  | Noticed Nikola
 29716 | Swamp:1  | Killed Nikola
 29924 | Swamp:1  | Noticed Aizul
 29939 | Swamp:1  | Killed Aizul
 30288 | Swamp:2  | Found a frozen archway.
 30307 | IceCv    | Entered an ice cave
 30629 | IceCv    | Reached skill level 23 in Axes
 30707 | IceCv    | Noticed an Ice Fiend
 30715 | IceCv    | Killed an Ice Fiend
 30901 | Swamp:3  | Reached XP level 17. HP: 118/158 MP: 16/16
 30953 | Swamp:3  | Received a gift from Trog
 31180 | Swamp:4  | Entered Level 4 of the Swamp
 31347 | Swamp:4  | Noticed a tentacled monstrosity
 31355 | Swamp:4  | Killed a tentacled monstrosity
 31738 | Swamp:4  | Gained mutation: You do not regenerate when monsters are
                  | visible. [a neqoxec]
 31921 | Swamp:4  | Got a decaying rune of Zot
 32514 | Snake:1  | Entered Level 1 of the Snake Pit
 32613 | Snake:1  | Identified the +8 battleaxe of Punishment {vorpal, rElec
                  | Int+3} (Trog gifted it to you on level 1 of the Snake Pit)
 32613 | Snake:1  | Received a gift from Trog
 32913 | Snake:1  | Reached skill level 24 in Axes
 33773 | Snake:2  | Found Plog's Antique Armour Boutique.
 33780 | Snake:2  | Reached ****** piety under Trog
 33781 | Snake:2  | Reached XP level 18. HP: 167/169 MP: 17/17
 33783 | Snake:2  | Received a gift from Trog
 34690 | Snake:3  | Found a hide-covered altar of Uskayaw.
 34763 | Snake:3  | Noticed Azrael
 34769 | Snake:3  | Killed Azrael
 34776 | Snake:3  | Received a gift from Trog
 34806 | Snake:3  | Reached skill level 10 in Evocations
 35054 | Snake:3  | Noticed Roxanne
 35077 | Snake:3  | Killed Roxanne
 35086 | Snake:3  | Noticed Vashnia
 35096 | Snake:3  | Killed Vashnia
 35635 | Snake:3  | Found Ynituefi's Jewellery Boutique.
 35635 | Snake:3  | Found Keskicon's Book Shoppe.
 35636 | Snake:3  | Found Ywkeklysm's Book Shoppe.
 36219 | Snake:4  | Entered Level 4 of the Snake Pit
 36366 | Snake:4  | Found Tunun's Distillery.
 36378 | Snake:4  | Bought 2 potions of curing for 90 gold pieces
 36711 | Snake:4  | Received a gift from Trog
 37162 | Snake:4  | Received a gift from Trog
 37167 | Snake:4  | Reached XP level 19. HP: 180/180 MP: 18/18
 37549 | Snake:4  | Reached skill level 25 in Axes
 37907 | Snake:4  | Got a serpentine rune of Zot
 38466 | Vaults:1 | Entered Level 1 of the Vaults
 38568 | Vaults:1 | Mangled by a white very ugly thing

Illustrated notes

Levels and vault maps discovered:
D:1:      sevenhm_arrival_forest_fort_large_4, layout_loops_corners
D:2:      layout_basic, okawaru_trees_2, chequers_ecumenical_altar_island,
          wander_ebering_terrifying_dragon_lair
D:3:      layout_basic, serial_shops, shop, uniq_terence
D:4:      minmay_general_purpose_star, layout_basic, minmay_temple_entry_trees
D:5:      layout_gridville, yredelemnul_altar_generic, serial_shops,
          shop_fountains, guppyfry_early_lair_pool, uniq_crazy_yiuf_cottage,
          uniq_ijyb, uniq_pikel
D:6:      layout_cave_pools, good_gods_temple_1
D:7:      lemuel_ratsnest, layout_layer_cave, minivault_22
D:8:      layout_rooms, serial_bayou, serial_bayou_lagoon_b,
          serial_bayou_lake_a, serial_bayou_lagoon_a, serial_bayou_shore_a,
          serial_bayou_ford_a, kennysheep_generic_room_14
D:9:      minmay_diamond_stairs, layout_loops_ring, grunt_temple_overflow_open
D:10:     gammafunk_boulding_lane, layout_gridville, minmay_lair_entry_grove,
          enter_bailey_2, st_stairs_1
D:11:     layout_roguey, orc_0_dummy, kennysheep_decorative_pillar,
          patterned_corridor
D:12:     layout_long_grid, basic_altar, serial_shops, nicolae_shop_waterfront
D:13:     layout_gridville, uniq_sonja
D:14:     layout_loops_corners, skrybe_vaults_entry_preservation,
          gammafunk_ghost_grave, chequers_jeans, uniq_agnes, uniq_nessos,
          uniq_louise
D:15:     grunt_enter_depths_snipers, layout_long_grid
Lair:1:   layout_cave_pods, infiniplex_staircase_pool_2, grunt_megastairs_5
Lair:2:   minmay_lair_oklob_tunnel, layout_gridlike, lemuel_centaur_altar,
          infiniplex_staircase_pool, serial_bayou_shore_b, uniq_gastronok
Lair:3:   layout_regular_city, skrybe_swamp_entry_bodies,
          minmay_snake_entry_guardpost_small, enter_volcano_1,
          minmay_lindwurm_lava
Lair:4:   layout_gridlike, cheibrodos_lair_reptile_den
Lair:5:   layout_concentric_octagons, chequers_serial_rivers_room_a,
          chequers_serial_rivers_micro_c, grunt_megastairs_1
Lair:6:   minmay_lair_end_enchanted_forest, layout_small_grid,
          minmay_slime_entry_oklob_open, wad_woods_02,
          minmay_lair_oklob_chamber, lemuel_fruit_fields, uniq_kirke
Swamp:1:  layout_falls_marsh, nicolae_swamp_fairy_circle, swamp_pool2,
          uniq_aizul, uniq_nikola
Swamp:2:  layout_basic_swamp, portal_ice_cave_entry_frozen_things,
          serial_swamp_ruin, evilmike_swamp_ruin_house_1,
          hangedman_swamp_ruin_wall, evilmike_swamp_ruin_house_2, swamp_pool4,
          hangedman_swamp_pad, nicolae_swamp_dense_foliage, uniq_frances
Swamp:3:  layout_basic_swamp, nicolae_swamp_bean_lake, swamp_pool1,
          nicolae_swamp_hydra_murder_den, uniq_donald
Swamp:4:  nzn_swamp_witches_coven, layout_basic_swamp, swamp_pool1
Snake:1:  layout_onion_interference, special_room
Snake:2:  layout_grid_maze, serial_shops, shop
Snake:3:  layout_chambers, basic_altar, serial_bayou_shore_b, lemuel_fruit_tree,
          grunt_megastairs_2, minmay_shop_grove, uniq_vashnia, uniq_roxanne,
          uniq_azrael
Snake:4:  snake_pit, layout_misc_corridors, serial_shops,
          nicolae_shop_waterfront, serial_bayou_pond_c, st_stairs_11
Orc:1:    layout_caves
Orc:2:    kennysheep_orc_mage_school, layout_diamond_mine, serial_shops,
          nicolae_shop_window_shopping
Vaults:1: hangedman_vaults_pinch, vaults_standard_mumra_x, v_misc_5,
          nicolae_vaults_sealed_display, st_cells, ontoclasm_vaults_idyll,
          v_pattern_5, vaults_room_stairs_pillars, vaults_standard_mumra_lines,
          grunt_vaults_diagonal, layout_vaults_omnicross

Skill      XL: |  1  2  3  4  5  6  7  8  9 10 11 12 13 14 15 16 17 18 19 |
---------------+----------------------------------------------------------+-----
Axes           | 4 5 6 7 8 9 12 13 14 16 17 19 20 22 23 24 25 | 25.2
Fighting       | 4 6 7 9 10 12 13 15 16 17 18 | 18.8
Evocations     | 2 3 5 6 7 9 10 | 10.0
Armour         | 3 5 7 9 10 12 13 14 15 16 18 | 18.7
Dodging        | 3 5 6 8 9 10 | 10.0

Action                   |  1- 3 |  4- 6 |  7- 9 | 10-12 | 13-15 | 16-18 | 19-21 || total
-------------------------+-------+-------+-------+-------+-------+-------+-------++-------
Melee: Hand axe          |    71 |    61 |   347 |       |       |       |       ||   479
       Headbutt          |     7 |    13 |    74 |    94 |   254 |   274 |    52 ||   768
       Battleaxe         |       |       |    26 |   363 |   602 |    38 |       ||  1029
       Flail             |       |       |       |    25 |    23 |       |       ||    48
       Executioner's axe |       |       |       |       |   254 |  1026 |   130 ||  1410
 Fire: Arbalest          |       |       |       |    27 |       |       |       ||    27
Throw: Dart              |       |       |       |    48 |       |       |       ||    48
       Javelin           |       |       |       |       |     4 |       |       ||     4
Invok: Berserk           |     2 |     3 |     9 |    11 |     3 |     5 |       ||    33
       Brothers in Arms  |       |       |       |     3 |     5 |     3 |     1 ||    12
       Trog's Hand       |       |       |       |       |     7 |     8 |     1 ||    16
 Abil: Evoke Flight      |       |       |       |     1 |     1 |       |       ||     2
Evoke: Wand              |       |       |       |    10 |    16 |     2 |       ||    28
  Use: Scroll            |       |       |     8 |    15 |     4 |     7 |       ||    34
       Potion            |       |       |       |       |     1 |     3 |     3 ||     7
 Stab: Petrified         |       |       |       |     2 |     1 |       |       ||     3
       Paralysed         |       |       |       |       |     2 |       |       ||     2
Armor: Animal skin       |     2 |       |       |       |       |       |       ||     2
       Ring mail         |     3 |    13 |    92 |    43 |       |       |       ||   151
       Leather armour    |     1 |       |       |       |       |       |       ||     1
       Scale mail        |       |    10 |     7 |       |       |       |       ||    17
       Crystal plate arm |       |       |       |   226 |   629 |   792 |    75 ||  1722
Dodge: Dodged            |    56 |    30 |   142 |   277 |   353 |   425 |    36 ||  1319

Table legend: (Time is in decaauts)
 A = Elapsed time spent in this place.
 B = Non-inter-level travel time spent in this place.
 C = Inter-level travel time spent in this place.
 D = Time resting spent in this place.
 E = Time spent auto-exploring this place.
 F = Levels seen in this place.
 G = Mean time per level.
                   A        B        C        D        E       F      G
               +--------+--------+--------+--------+--------+-----+--------+
         Total |  38679 |  36820 |   1859 |   6811 |  21006 |  36 | 1074.4 |
       Dungeon |  18493 |  17456 |   1037 |   2682 |  12090 |  15 | 1232.9 |
          Lair |   7723 |   7358 |    365 |   1065 |   4606 |   6 | 1287.2 |
         Swamp |   2555 |   2431 |    124 |    880 |    516 |   4 |  638.8 |
     Snake Pit |   5671 |   5412 |    259 |    907 |   3164 |   4 | 1417.8 |
  Orcish Mines |   1732 |   1660 |     72 |    377 |    568 |   2 |  866.0 |
        Vaults |     92 |     92 |      0 |     10 |     30 |   1 |   92.0 |
         Abyss |    344 |    344 |      0 |      8 |      0 |   1 |  344.0 |
        Bailey |   1261 |   1261 |      0 |    668 |      0 |   1 | 1261.0 |
      Ice Cave |    525 |    525 |      0 |    193 |     31 |   1 |  525.0 |
       Volcano |    279 |    279 |      0 |     18 |      0 |   1 |  279.0 |
               +--------+--------+--------+--------+--------+-----+--------+

Top non-repeatable levels by time:
     D:2: 1939 daAuts
     D:7: 1906 daAuts
  Lair:2: 1905 daAuts
 Snake:4: 1861 daAuts
     D:8: 1767 daAuts
 Snake:3: 1704 daAuts
  Lair:6: 1577 daAuts
     D:1: 1552 daAuts
  Lair:1: 1533 daAuts
     D:5: 1445 daAuts
     D:9: 1414 daAuts
   Orc:2: 1369 daAuts
  Bailey: 1261 daAuts
    D:14: 1236 daAuts
  Lair:3: 1231 daAuts
